 Dungeon Crawl Stone Soup version 0.28-a0-984-g3775c662fe (webtiles) character file.

Game seed: 2679561713546122895

10664 fragbeetle the Basher (level 11, -9/69 HPs)
             Began as a Gargoyle Fighter on Dec 3, 2021.
             Was a High Priest of Okawaru.
             Shot with a bolt by a yaktaur (21 damage)
             ... on level 10 of the Dungeon.
             The game lasted 00:47:40 (14262 turns).

fragbeetle the Basher (Gargoyle Fighter)           Turns: 14262, Time: 00:47:40

Health: -9/69      AC: 26    Str: 24      XL:     11   Next: 65%
Magic:  16/16      EV:  7    Int:  9      God:    Okawaru [*****.]
Gold:   381        SH:  6    Dex: 14 (15) Spells: 10/10 levels left

rFire   . . .      SeeInvis +   z - +2 flail (vorpal)
rCold   . . .      Faith    +   c - +0 buckler
rNeg    + . .      Spirit   .   H - +3 plate armour
rPois   ∞          Reflect  .   k - +0 helmet
rElec   +          Harm     .   l - scarf {repulsion}
rCorr   .          Rampage  .   (no gloves)
Will    .....                   (no boots)
Stlth   ..........              v - amulet of faith
HPRegen 0.21/turn               E - +6 ring of dexterity
MPRegen 0.15/turn               o - ring of see invisible

@: repel missiles
A: sickness immunity, AC +8, negative energy resistance 1, electricity
resistance, torment resistance 1, petrification resistance
a: Renounce Religion, Heroism, Finesse, Duel


You were on level 10 of the Dungeon.
You worshipped Okawaru.
Okawaru was extremely pleased with you.
You visited 2 branches of the dungeon, and saw 12 of its levels.
You also visited: Ossuary.

You collected 553 gold pieces.
You spent 172 gold pieces at shops.

Inventory:

Hand Weapons
 a - the +4 trident of Ijelomyi {antimagic, Fly}
   (You found it on level 7 of the Dungeon)

   It reduces the magical energy of the wielder, and disrupts the spells and
   magical abilities of those it strikes.
   Natural abilities and divine invocations are not affected.
   Fly:       It grants you flight.
 i - a +1 hand crossbow
 p - a +2 morningstar of holy wrath
 q - a +3 mace
 z - a +2 vorpal flail (weapon)
 K - the +3 scimitar of Tequy {venom, Fragile rN+ Int+3 Dex+2}
   (You found it on level 5 of the Dungeon)

   It poisons the flesh of those it strikes.
   Int:       It affects your intelligence (+3).
   Dex:       It affects your dexterity (+2).
   rN:        It protects you from negative energy.
   Fragile:   It will be destroyed if unequipped.
 Q - a +2 scimitar of flaming
 T - a +3 dagger of chaos
 X - a +4 dagger of freezing
Missiles
 r - 8 boomerangs (quivered)
 x - 79 bolts
 M - 3 throwing nets
Armour
 c - a +0 buckler (worn)
 d - a +0 hat of stealth
 k - a +0 helmet (worn)
 l - a scarf of repulsion (worn)
 m - +0 acid dragon scales
 H - a +3 plate armour (worn)
 V - a scarf of resistance
 Y - a +1 cloak
Jewellery
 j - a ring of fire
 o - a ring of see invisible (right hand)
 t - a ring of flight
 v - an amulet of faith (around neck)
 E - a +6 ring of dexterity (left hand)
Wands
 n - a wand of digging (1)
 O - a wand of acid (12)
Scrolls
 e - 2 scrolls of fear
 f - 2 scrolls of enchant weapon
 g - 2 scrolls of amnesia
 h - a scroll of magic mapping {unknown}
 y - a scroll of enchant armour {unknown}
 C - a scroll of noise {unknown}
 D - a scroll of holy word
 F - 2 scrolls of identify
 J - a scroll of torment
 N - a scroll of vulnerability {unknown}
Potions
 b - a potion of berserk rage {unknown}
 s - 2 potions of magic
 u - a potion of flight {unknown}
 w - 2 potions of heal wounds
 A - 3 potions of haste
 B - a potion of cancellation {unknown}
 S - a potion of attraction {unknown}
 W - 2 potions of curing
Miscellaneous
 Z - a tin of tremorstones (2/2)


   Skills:
 + Level 8.3 Fighting
 + Level 11.5 Maces & Flails
 + Level 1.8 Throwing
 + Level 8.9 Armour
 - Level 0.8 Dodging
 + Level 2.7 Stealth
 + Level 7.3 Shields
 * Level 7.4 Invocations


You had 10 spell levels left.
You didn't know any spells.
Your spell library contained the following spells:

 Spells                   Type           Power      Damage    Failure   Level
 Summon Small Mammal      Summ           Unusable   N/A       N/A         1
 Call Canine Familiar     Summ           Unusable   N/A       N/A         3
 Summon Guardian Golem    Hex/Summ       Unusable   N/A       N/A         3

Dungeon Overview and Level Annotations

Branches:
Dungeon (11/15)            Temple (1/1) D:5             Orc (0/2) D:11
Ossuary (visited)
   Lair: D:8-11

Altars:
Dithmenos
Gozag
Hepliaklqana
Okawaru
Qazlal
Sif Muna
Uskayaw
Wu Jian

Shops:
D:2 *   D:9 *

Annotations:
D:6 3 runed translucent doors, cheechan's ghost, novice OpGl; mainiacjoe's ghost, novice HuSu
D:8 exclusions: ice statue and orange crystal statue


Innate Abilities, Weirdness & Mutations

You are immune to sickness and miasma.
Your stone body is resilient. (AC +8)
You are immune to poison.
You resist negative energy. (rN+)
You are resistant to electric shocks. (rElec)
You are resistant to unholy torment.
You are immune to petrification.


Message History

The kobold demonologist closely misses you.
The orange demon stings you. The orange demon barely misses you.
The kobold hits you but does no damage.
The hellwing hits you but does no damage. x2
You sock the kobold demonologist!
The kobold demonologist is severely wounded.
You carefully extract the barbed spikes from your body.
You block the ufetubus's attack. The ufetubus barely misses you.
The ufetubus hits you but does no damage.
The ufetubus barely misses you.
The white imp hits you but does no damage.
The kobold demonologist looks encouraged for a moment.
The orange demon stings you.
The orange demon hits you but does no damage.
The ufetubus hits you but does no damage.
The ufetubus completely misses you. The kobold hits you but does no damage.
You barely miss the kobold demonologist.
The kobold demonologist is severely wounded.
Your surroundings suddenly seem different.
You start resting.
A yaktaur is nearby!
The yaktaur shouts!
A yaktaur comes into view.
The yaktaur shouts! x2
The yaktaur wields a +0 arbalest.
The yaktaur shoots a bolt.
The bolt hits you!!
* * * LOW HITPOINT WARNING * * *
The yaktaur shoots a bolt.
The bolt hits you but does no damage.
The yaktaur shoots a bolt.
You block the bolt.
You can't see any enemies this would affect, really read the scroll of holy word?
Okay, then.
As you read the scroll labelled HUETOO WIEKEX, it crumbles to dust.
Your body is wracked with pain!
* * * LOW HITPOINT WARNING * * *
The yaktaur convulses! x4; It was a scroll of torment.
The yaktaur wields a +0 arbalest.
The yaktaur shoots a bolt.
The bolt hits you.
* * * LOW HITPOINT WARNING * * *
The yaktaur shoots a bolt.
You block the bolt.
The yaktaur shoots a bolt.
The bolt hits you!!
You die...

..........#
#.##..........#
##.####...#
#..#(.c.c.....#
#..# #...#
#......c.....#
#.## #...#
##........[.##
#. #..<#
#.....c...## #.
#####
#...(.....# ..
#.........# .
##.......##
#.@.......#
#.........#
#.........#
#..(......#
#..(......#
##.......##
##.....##
#######


You could see 4 yaktaurs.

Vanquished Creatures
  Gastronok (D:8)
  Harold (D:8)
  Erica (D:8)
  A two-headed ogre (D:9)
  Pikel (D:5)
  Maurice (D:9)
  Joseph (D:8)
  Maggie (D:7)
  An unseen horror (D:8)
  Psyche (D:8)
  2 kobold demonologists (D:10)
  A troll (D:8)
  8 yaks
  2 acid dragons
  2 sky beasts
  A water moccasin (D:7)
  2 orc warriors
  An ogre (D:4)
  6 centaurs
  3 lemures
  A phantom (D:4)
  3 kobold brigands
  3 bullfrogs
  Blork the orc (D:6)
  3 elf zombies (Ossuary)
  A wyvern zombie (D:8)
  A scorpion (D:4)
  7 killer bees
  A human zombie (Ossuary)
  A centaur skeleton (D:7)
  2 centaur zombies
  3 hounds
  5 orc priests
  A gnoll shaman (D:6)
  6 iguanas
  10 orc wizards
  2 hound skeletons (D:4)
  2 mummies (Ossuary)
  2 howler monkey zombies
  5 gnolls
  8 adders
  An adder zombie (Ossuary)
  An adder skeleton (D:4)
  A worm (D:2)
  3 dart slugs
  28 orcs
  6 ball pythons
  3 bats
  3 endoplasms
  3 giant cockroaches
  4 goblins
  11 hobgoblins
  11 jackals (D:3)
  15 kobolds
  4 quokkas
  2 frilled lizards
  5 hobgoblin zombies (Ossuary)
  A jackal zombie (Ossuary)
  11 kobold zombies (Ossuary)
  10 orc zombies (Ossuary)
  4 rats
  5 rat zombies (Ossuary)
238 creatures vanquished.

Vanquished Creatures (others)
  An unseen horror (D:10)
1 creature vanquished.

Grand Total: 239 creatures vanquished

Notes
Turn   | Place    | Note
-------+----------+-------------------------------------------
     0 | D:1      | fragbeetle the Gargoyle Fighter began the quest for the
                  | Orb.
     0 | D:1      | Reached XP level 1. HP: 14/14 MP: 1/1
    80 | D:1      | Found a faded altar of an unknown god.
   283 | D:1      | Reached XP level 2. HP: 18/19 MP: 2/2
   545 | D:1      | Reached XP level 3. HP: 23/23 MP: 3/3
  1398 | D:2      | Found Diqol's General Store.
  1955 | D:3      | Reached XP level 4. HP: 27/28 MP: 4/4
  2753 | D:3      | Reached skill level 3 in Maces & Flails
  3061 | D:3      | Reached XP level 5. HP: 33/33 MP: 5/5
  3309 | D:5      | Entered Level 5 of the Dungeon
  3488 | D:4      | Noticed an ogre
  3500 | D:4      | Killed an ogre
  3501 | D:4      | Reached skill level 4 in Maces & Flails
  3501 | D:4      | Reached skill level 5 in Armour
  3501 | D:4      | Reached XP level 6. HP: 27/38 MP: 6/6
  4152 | D:4      | Found an iron altar of Okawaru.
  4164 | D:4      | Reached XP level 7. HP: 41/43 MP: 7/7
  4197 | D:4      | Became a worshipper of Warmaster Okawaru
  4424 | D:4      | Reached skill level 5 in Maces & Flails
  4739 | D:2      | Bought a +2 vorpal flail for 172 gold pieces
  4983 | D:6      | Found a runed translucent gate.
  4983 | D:6      | Found a runed translucent gate.
  4983 | D:6      | Found a runed translucent gate.
  4984 | D:6      | Noticed cheechan's ghost (novice OpGl)
  4985 | D:6      | Noticed mainiacjoe's ghost (novice HuSu)
  5195 | D:6      | Reached * piety under Okawaru
  5196 | D:6      | Reached XP level 8. HP: 32/48 MP: 8/8
  5207 | D:6      | Reached skill level 6 in Maces & Flails
  5216 | D:6      | Found a sand-covered staircase.
  5218 | D:6      | Noticed Blork the orc
  5224 | Ossuary  | Entered an ossuary
  5505 | Ossuary  | Reached ** piety under Okawaru
  5691 | D:6      | Reached skill level 5 in Fighting
  5759 | D:5      | Found a staircase to the Ecumenical Temple.
  5767 | Temple   | Entered the Ecumenical Temple
  6072 | D:5      | Noticed Pikel
  6216 | D:6      | Killed Blork the orc
  6217 | D:6      | Reached skill level 7 in Maces & Flails
  6332 | D:6      | Reached skill level 1 in Invocations
  6717 | D:7      | Noticed Maggie
  6749 | D:7      | HP: 1/49 [Maggie (6)]
  6752 | D:7      | Killed Maggie
  6753 | D:7      | Reached skill level 1 in Throwing
  6753 | D:7      | Reached skill level 5 in Shields
  6753 | D:7      | Reached XP level 9. HP: 8/54 MP: 10/10
  7023 | D:7      | Identified the +4 trident of Ijelomyi {antimagic, Fly}
  7065 | D:7      | Found an ornate altar of the Wu Jian Council.
  7066 | D:7      | Found an opulent altar of Gozag.
  7521 | D:5      | Killed Pikel
  7521 | D:5      | Reached *** piety under Okawaru
  7522 | D:5      | Reached skill level 8 in Maces & Flails
  7522 | D:5      | Reached skill level 1 in Stealth
  7625 | D:5      | Identified the +3 scimitar of Tequy {venom, Fragile rN+
                  | Int+3 Dex+2}
  7659 | D:5      | Found a shimmering blue altar of Sif Muna.
  7938 | D:8      | Noticed Harold
  7956 | D:8      | Killed Harold
  7956 | D:8      | Reached **** piety under Okawaru
  7957 | D:8      | Noticed an orange crystal statue
  7959 | D:8      | Noticed a cyclops
  8138 | D:8      | Noticed Gastronok
  8261 | D:8      | Noticed Joseph
  8299 | D:8      | Killed Joseph
  8300 | D:8      | Reached skill level 9 in Maces & Flails
  8300 | D:8      | Reached XP level 10. HP: 30/61 MP: 13/13
  8651 | D:8      | Reached skill level 5 in Invocations
  8822 | D:8      | Noticed Erica
  8884 | D:8      | Killed Erica
  8884 | D:8      | Reached ***** piety under Okawaru
  9043 | D:8      | Noticed Psyche
  9319 | D:8      | Killed Psyche
  9388 | D:8      | Noticed an unseen horror
  9516 | D:8      | Found a hazy altar of Hepliaklqana.
  9600 | D:8      | Received a gift from Okawaru
  9629 | D:8      | Reached skill level 10 in Maces & Flails
 10035 | D:8      | HP: 2/63 [Gastronok (24)]
 10043 | D:8      | Killed Gastronok
 10419 | D:8      | Killed an unseen horror
 10420 | D:8      | Reached XP level 11. HP: 45/67 MP: 15/15
 11117 | D:8      | Received a gift from Okawaru
 11440 | D:9      | Found a stormy altar of Qazlal.
 11577 | D:9      | Found Hudiuquss's General Store.
 11943 | D:9      | Noticed Maurice
 11965 | D:9      | Killed Maurice
 11985 | D:9      | Noticed a two-headed ogre
 12007 | D:9      | Killed a two-headed ogre
 12007 | D:9      | Received a gift from Okawaru
 12008 | D:9      | Reached skill level 11 in Maces & Flails
 12508 | D:10     | Entered Level 10 of the Dungeon
 13783 | D:10     | Found a shadowy altar of Dithmenos.
 13864 | D:10     | Found a hide-covered altar of Uskayaw.
 14138 | D:11     | Found a staircase to the Orcish Mines.
 14262 | D:10     | Shot with a bolt by a yaktaur

Illustrated notes

Levels and vault maps discovered:
D:1:      roderic_octagonal_star, layout_basic, serial_co_window_serial,
          co_window_paths_a, co_window_corner_a, co_window_paths_a,
          co_window_corner_a, co_window_paths_a, co_window_corner_a,
          co_window_corner_a, co_window_2corner, co_window_broadway_c,
          co_window_paths_c, co_window_corner_b, co_window_4corner_a,
          glass_columns_a, glass_columns_a, dreamdust_ecumenical_altar_statues
D:2:      layout_rooms, serial_shops, shop_fountains
D:3:      layout_basic
D:4:      minmay_bubble_buster, layout_basic, kennysheep_diamond,
          kennysheep_doodads
D:5:      layout_rooms, lemuel_blue_sif_altar,
          minmay_temple_entry_statues_fountains, uniq_pikel
D:6:      layout_gridville, enter_ossuary_1, gammafunk_ghost_cemetery,
          uniq_blork_the_orc
D:7:      layout_cave_pools, gammafunk_temple_overflow_pools, uniq_maggie
D:8:      minmay_separated_statues, layout_basic,
          mainiacjoe_overflow_small_starburst, uniq_gastronok, uniq_harold,
          uniq_psyche, uniq_erica, uniq_joseph
D:9:      layout_basic, nicolae_overflow_crystal_walls, serial_shops,
          nicolae_shop_statue_plus, uniq_maurice
D:10:     layout_rooms, mainiacjoe_overflow_large_starburst
D:11:     layout_cave_pods, dpeg_oklobed_lair, orc_0_dummy, enter_bailey_3,
          item_on_display_b
Temple:   regret_index_temple_generic_petals

Skill      XL: |  1  2  3  4  5  6  7  8  9 10 11 |
---------------+----------------------------------+-----
Armour         | 4 5 6 7 8 |  8.9
Maces & Flails | 3 4 5 7 9 10 11 | 11.5
Shields        | 4 5 6 7 |  7.3
Fighting       | 4 5 6 7 8 |  8.3
Invocations    | 2 4 6 7 |  7.4
Throwing       | 1 |  1.8
Stealth        | 1 2 |  2.7
Dodging        | |  0.8

Action                   |  1- 3 |  4- 6 |  7- 9 | 10-12 || total
-------------------------+-------+-------+-------+-------++-------
Melee: Flail             |   137 |    67 |   295 |   437 ||   936
       Mace              |       |   101 |    53 |       ||   154
       Morningstar       |       |       |       |    36 ||    36
Throw: Boomerang         |       |       |    13 |       ||    13
Invok: Heroism           |       |       |       |     3 ||     3
  Use: Scroll            |     2 |     1 |     4 |     6 ||    13
       Potion            |       |     1 |     5 |     1 ||     7
 Stab: Distracted        |       |       |       |     1 ||     1
Armor: Scale mail        |    61 |    60 |       |       ||   121
       Chain mail        |       |    51 |   139 |       ||   190
       Acid dragon scale |       |       |    34 |   136 ||   170
       Plate armour      |       |       |       |   257 ||   257
Dodge: Dodged            |    73 |    75 |   128 |   253 ||   529
       Repelled          |       |     2 |     1 |     4 ||     7
Block: Buckler           |    29 |    44 |    78 |   161 ||   312

Table legend: (Time is in decaauts)
 A = Elapsed time spent in this place.
 B = Non-inter-level travel time spent in this place.
 C = Inter-level travel time spent in this place.
 D = Time resting spent in this place.
 E = Time spent auto-exploring this place.
 F = Levels seen in this place.
 G = Mean time per level.
                   A        B        C        D        E       F      G
               +--------+--------+--------+--------+--------+-----+--------+
         Total |  14323 |  14298 |     25 |   3309 |   5618 |  13 | 1101.8 |
       Dungeon |  13609 |  13584 |     25 |   3042 |   5618 |  11 | 1237.2 |
        Temple |    238 |    238 |      0 |    193 |      0 |   1 |  238.0 |
       Ossuary |    476 |    476 |      0 |     74 |      0 |   1 |  476.0 |
               +--------+--------+--------+--------+--------+-----+--------+

Top non-repeatable levels by time:
     D:8: 2913 daAuts
     D:9: 1912 daAuts
     D:3: 1653 daAuts
     D:4: 1480 daAuts
     D:7: 1193 daAuts
     D:1: 1159 daAuts
     D:6: 1053 daAuts
    D:10: 818 daAuts
     D:2: 613 daAuts
     D:5: 539 daAuts
 Ossuary: 476 daAuts
    D:11: 270 daAuts
  Temple: 238 daAuts
